 Dungeon Crawl Stone Soup version 0.28.0-43-g3370ac3207 (webtiles) character file.

Game seed: 4193224709783750162

74 jimonade the Grasshopper (level 4, -10/32 HPs)
             Began as a Gnoll Wanderer on Mar 16, 2022.
             Mangled by a gnoll sergeant
             ... wielding a +2 spear of venom
              (12 damage)
             ... on level 5 of the Dungeon.
             The game lasted 00:14:03 (4748 turns).

jimonade the Grasshopper (Gnoll Wanderer)           Turns: 4748, Time: 00:14:04

Health: -10/32     AC:  3    Str: 12    XL:     4   Next: 30%
Magic:  8/8        EV: 10    Int: 17    God:
Gold:   137        SH:  8    Dex:  7    Spells: 8/9 levels left

rFire   . . .      SeeInvis .   F - +4 hunting sling "Goblinslayer" {venom, Will++}
rCold   + . .      Faith    .   k - +0 buckler
rNeg    . . .      Spirit   .   h - +0 leather armour
rPois   .          Reflect  +   (no helmet)
rElec   .          Harm     .   (no cloak)
rCorr   .          Rampage  .   (no gloves)
Will    ++...                   (no boots)
Stlth   +.........              g - amulet of reflection
HPRegen 0.10/turn               i - ring of protection from cold
MPRegen 0.11/turn               (no ring)

@: no status effects
A: fangs 1, strong nose, distributed training
a: no special abilities


You were on level 5 of the Dungeon.
You visited 1 branch of the dungeon, and saw 4 of its levels.

You collected 137 gold pieces.

Inventory:

Hand Weapons
 a - a +0 dagger
 e - a +0 arbalest
 o - a +0 short sword
 t - a +0 hunting sling
 v - a +0 trident
 w - a +0 hunting sling
 F - the +4 hunting sling "Goblinslayer" (weapon) {venom, Will++}
   (You found it on level 3 of the Dungeon)

   Any ammunition fired from it poisons the flesh of those it strikes.
   Will:      It greatly increases your willpower.
Missiles
 b - 6 boomerangs
 l - 114 arrows
 q - 71 stones (quivered ammo)
 u - 17 bolts
 D - 6 poisoned darts
Armour
 c - a +0 robe
 h - a +0 leather armour (worn)
 j - a +0 chain mail
 k - a +0 buckler (worn)
 A - a +0 chain mail
Jewellery
 g - an amulet of reflection (around neck)
 i - a ring of protection from cold (left hand)
 p - a ring of protection from cold
Scrolls
 m - 2 scrolls of enchant armour {unknown}
 n - a scroll of fog {unknown}
 s - a scroll of amnesia {unknown}
 x - a scroll of silence {unknown}
 y - a scroll of teleportation {unknown}
 z - 2 scrolls of enchant weapon {unknown}
 B - a scroll of noise {unknown}
 E - a scroll of vulnerability {unknown}
Potions
 d - a potion of ambrosia {unknown}
 f - 3 potions of curing {unknown}
 r - a potion of flight {unknown}
 C - a potion of might {unknown}


   Skills:
 + Level 1.1 Fighting
 + Level 1.1 Short Blades
 + Level 1.1 Long Blades
 + Level 1.1 Axes
 + Level 1.1 Maces & Flails
 + Level 1.1 Polearms
 + Level 1.1 Staves
 + Level 1.1 Slings
 + Level 1.1 Bows
 + Level 1.1 Crossbows
 + Level 2.7 Throwing
 + Level 2.7 Armour
 + Level 1.1 Dodging
 + Level 1.1 Stealth
 + Level 1.1 Shields
 + Level 1.1 Unarmed Combat
 + Level 3.0 Spellcasting
 + Level 0.8 Conjurations
 + Level 3.8 Hexes
 + Level 0.8 Summonings
 + Level 0.8 Necromancy
 + Level 7.1 Translocations
 + Level 0.8 Transmutations
 + Level 0.8 Fire Magic
 + Level 0.8 Ice Magic
 + Level 0.8 Air Magic
 + Level 0.8 Earth Magic
 + Level 0.8 Poison Magic
 + Level 1.2 Invocations
 + Level 2.7 Evocations


You had 8 spell levels left.
You knew the following spells:

 Your Spells              Type           Power      Damage    Failure   Level
a - Slow                  Hex            60%        N/A       6%          1

Your spell library contained the following spells:

 Spells                   Type           Power      Damage    Failure   Level
 Apportation              Tloc           52%        N/A       1%          1
 Lesser Beckoning         Tloc           26%        N/A       4%          3
 Passage of Golubria      Tloc           26%        N/A       16%         4
 Inner Flame              Hex/Fire       10%        N/A       34%         3


Dungeon Overview and Level Annotations

Branches:
Dungeon (3/15)

Altars:
Gozag
Vehumet
The Shining One

Shops:
D:1 *


Innate Abilities, Weirdness & Mutations

You have very sharp teeth.
Your uncanny sense of smell can sniff out nearby items.
Your experience applies equally to all skills.


Message History

You fall into a shaft and drop 2 floors!
The shaft crumbles and collapses.
A gnoll shaman, 4 gnolls, a gnoll sergeant and a shadow imp come into view.
A gnoll is wielding a +0 spear of pain.
The gnoll sergeant is wielding a +2 spear of venom.
The gnoll shaman shouts!
The gnoll shouts! x2; The gnoll sergeant shouts!
The shadow imp shouts, "Run away, thou vain two-tin-hat harpy!"
Found a chain mail and a scroll labelled OSUAX DAIGRU.
The gnoll hits something with a +0 halberd!
The gnoll barely misses you.
The gnoll shouts!
You block the gnoll's attack.
The shadow imp hits the plant.
The plant begins to die.
The gnoll sergeant hits you from afar with a +2 spear of venom!
You are poisoned.
You block the gnoll shaman's attack.
You feel very sick.
A nearby plant withers and dies. x2
You feel very sick.
You feel sick.
The gnoll shaman calls down the wrath of its god upon you.
You resist with almost no effort.
You feel sick.
You feel sick.
The gnoll shaman calls upon its god to speed up something.
You feel sick.
You feel sick.
You feel sick.
You feel sick.
You feel sick.
You are no longer poisoned.
The gnoll shaman calls upon its god to speed up the gnoll sergeant.
The gnoll sergeant seems to speed up.
Found a stone staircase leading up.
The shadow imp grins evilly.
The gnoll hits you with a +0 club.
* * * LOW HITPOINT WARNING * * *
Found a murky amethyst potion.
Found an escape hatch in the floor.
The gnoll sergeant misses you.
The gnoll sergeant hits you from afar with a +2 spear of venom!
You die...

####### #####
#.....#.....#
#.....#.....#
#.....#!....#
####....##....#
#..#....##....#
#........g....#
#.............#
#.......gg.g.@#
#........g.5..#
#####............#
.[.##............#
....#...........##
Pgg.............#
..PP.............
..P.............>#
P............


You could see a gnoll sergeant (fast), a gnoll shaman, 3 gnolls and a shadow
imp.

Vanquished Creatures
  An adder (D:2)
  A shadow imp (D:3)
  2 worms (D:2)
  A dart slug (D:1)
  2 orcs
  5 bats
  3 endoplasms
  2 giant cockroaches
  6 goblins
  7 hobgoblins
  A quokka (D:1)
  A ball python (D:3)
  3 frilled lizards
  7 kobolds
  5 rats
47 creatures vanquished.

Vanquished Creatures (others)
  3 plants (D:5)
3 creatures vanquished.

Grand Total: 50 creatures vanquished

Notes
Turn   | Place    | Note
-------+----------+-------------------------------------------
     0 | D:1      | jimonade the Gnoll Wanderer began the quest for the Orb.
     0 | D:1      | jimonade set off with the following items: a +0 dagger, 7
                  | boomerangs, a +0 robe; and the following spells available
                  | to memorise: Apportation, Lesser Beckoning, Slow, Passage
                  | of Golubria, Inner Flame
     0 | D:1      | Reached XP level 1. HP: 13/13 MP: 4/4
   201 | D:1      | Found Aloker's Assorted Antiques.
   282 | D:1      | Reached XP level 2. HP: 18/19 MP: 5/5
   310 | D:1      | Learned a level 1 spell: Slow
   423 | D:1      | Found a faded altar of an unknown god.
  1672 | D:2      | Reached XP level 3. HP: 19/25 MP: 7/7
  2151 | D:1      | Reached skill level 1 in Invocations
  3295 | D:2      | Reached skill level 1 in Fighting
  3295 | D:2      | Reached skill level 1 in Short Blades
  3295 | D:2      | Reached skill level 1 in Long Blades
  3295 | D:2      | Reached skill level 1 in Axes
  3295 | D:2      | Reached skill level 1 in Maces & Flails
  3295 | D:2      | Reached skill level 1 in Polearms
  3295 | D:2      | Reached skill level 1 in Staves
  3295 | D:2      | Reached skill level 1 in Slings
  3295 | D:2      | Reached skill level 1 in Bows
  3295 | D:2      | Reached skill level 1 in Crossbows
  3295 | D:2      | Reached skill level 1 in Dodging
  3295 | D:2      | Reached skill level 1 in Stealth
  3295 | D:2      | Reached skill level 1 in Shields
  3295 | D:2      | Reached skill level 1 in Unarmed Combat
  3803 | D:3      | Reached XP level 4. HP: 32/32 MP: 6/8
  4627 | D:3      | Identified the +4 hunting sling "Goblinslayer" {venom,
                  | Will++}
  4700 | D:3      | Found a glowing golden altar of the Shining One.
  4719 | D:3      | Found a radiant altar of Vehumet.
  4722 | D:3      | Found an opulent altar of Gozag.
  4722 | D:3      | You fall into a shaft and drop 2 floors!
  4722 | D:5      | Entered Level 5 of the Dungeon
  4722 | D:5      | Noticed a gnoll sergeant
  4744 | D:5      | HP: 1/32 [gnoll/+0 club (6)]
  4748 | D:5      | Mangled by a gnoll sergeant

Illustrated notes

Levels and vault maps discovered:
D:1:      kennysheep_arrival_forest, layout_loops_cross,
          ebering_ecumenical_altar_sacrificial, serial_shops, shop,
          minmay_tripent
D:2:      layout_loops_corners, minmay_pentomino_pile
D:3:      layout_basic, tso_oasis_becter, nicolae_overflow_squiral, uniq_sigmund
D:5:      minmay_inner_zag, layout_gridville, serial_shops,
          nicolae_shop_competitors_out_of_business, gammafunk_ghost_cemetery,
          nicolae_grassy_gnolls, uniq_prince_ribbit1, uniq_pikel, uniq_edmund

Skill      XL: |  1  2  3  4 |
---------------+-------------+-----
Invocations    | 1 |  1.2
Fighting       | 1 |  1.1
Short Blades   | 1 |  1.1
Long Blades    | 1 |  1.1
Axes           | 1 |  1.1
Maces & Flails | 1 |  1.1
Polearms       | 1 |  1.1
Staves         | 1 |  1.1
Slings         | 1 |  1.1
Bows           | 1 |  1.1
Crossbows      | 1 |  1.1
Dodging        | 1 |  1.1
Stealth        | 1 |  1.1
Shields        | 1 |  1.1
Unarmed Combat | 1 |  1.1
Spellcasting   | 3 |  3.0
Throwing       | |  2.7
Armour         | |  2.7
Conjurations   | |  0.8
Hexes          | |  3.8
Summonings     | |  0.8
Necromancy     | |  0.8
Translocations | |  7.1
Transmutations | |  0.8
Fire Magic     | |  0.8
Ice Magic      | |  0.8
Air Magic      | |  0.8
Earth Magic    | |  0.8
Poison Magic   | |  0.8
Evocations     | |  2.7

Action                   |  1- 3 |  4- 6 || total
-------------------------+-------+-------++-------
Melee: Dagger            |   167 |       ||   167
       Bite              |    12 |     3 ||    15
       Trident           |     2 |    41 ||    43
Throw: Boomerang         |    38 |       ||    38
 Cast: Slow              |    34 |    12 ||    46
  Use: Scroll            |     1 |       ||     1
Armor: Robe              |     7 |       ||     7
       Chain mail        |     7 |       ||     7
       Leather armour    |    27 |     5 ||    32
Dodge: Dodged            |    55 |     5 ||    60
Block: Buckler           |    44 |    15 ||    59
       Other             |     1 |       ||     1
       Reflection        |     2 |       ||     2
